[Event "Titled Tuesday Blitz May 30 Late 2023"]
[White "Goffredo_Fofi"]
[Black "Muradli, Mahammad"]
[BlackFideId "13409301"]
[WhiteElo "2480"]
[BlackElo "2558"]
[Result "0-1"]
[Round "01"]
[TimeControl "180+2"]
[Date "2023.05.31"]
[WhiteClock "0:00:00"]
[BlackClock "0:00:41"]

1. d4 d6 2. e4 Nf6 3. Nc3 e5 4. Nge2 Nbd7 5. g3 Be7 6. Bg2 O-O 7. O-O Re8 8. a4 a5 9. h3 b6 10. f4 Bb7 11. Re1 Bf8 12. b3 exd4 13. Nxd4 Nc5 14. e5 dxe5 15. fxe5 Bxg2 16. Kxg2 Nd5 17. Ndb5 c6 18. Nxd5 cxd5 19. Bb2 Rc8 20. Qd4 Ne4 21. c4 Qg5 22. Qe3 Qg6 23. Rac1 Bc5 24. Qf3 Nd2 25. Qc3 Ne4 26. Qf3 Ng5 27. Qg4 h5 28. Qf4 dxc4 29. Rxc4 Qc6+ 30. Kh2 Nf3+ 0-1


[Site "https://www.chess.com"]

[Event "Titled Tuesday Blitz May 30 Late 2023"]
[White "Zakhartsov, Vladimir"]
[Black "krucki03"]
[WhiteFideId "4145097"]
[WhiteElo "2495"]
[BlackElo "2475"]
[Result "1-0"]
[Round "01"]
[TimeControl "180+2"]
[Date "2023.05.31"]
[WhiteClock "0:00:38"]
[BlackClock "0:00:07"]

1. e4 c5 2. Nf3 d6 3. g3 Nf6 4. Qe2 g6 5. Bg2 Bg7 6. h3 O-O 7. O-O Qc7 8. c3 b6 9. d4 cxd4 10. cxd4 Ba6 11. Qe3 Bxf1 12. Bxf1 Nc6 13. Nc3 Rac8 14. Bd2 e6 15. Ba6 Rcd8 16. Rc1 Qe7 17. a3 Nb8 18. Bf1 Rc8 19. Re1 a6 20. e5 dxe5 21. dxe5 Nfd7 22. Qe4 Nc5 23. Qg4 h5 24. Qf4 Rfd8 25. Be3 Nd3 26. Bxd3 Rxd3 27. Ne4 b5 28. Nf6+ Bxf6 29. exf6 Qf8 30. Ne5 Rd5 31. b4 Nd7 32. Nxd7 Rxd7 33. Bc5 Qd8 34. Re5 Rd5 35. Be7 Rxe5 36. Bxd8 1-0


[Site "https://www.chess.com"]

[Event "Titled Tuesday Blitz May 30 Late 2023"]
[White "Sivakumar, Shaaketh"]
[Black "Ibarra Jerez, Jose Carlos"]
[WhiteFideId "30940176"]
[BlackFideId "2226332"]
[WhiteElo "2174"]
[BlackElo "2638"]
[Result "0-1"]
[Round "01"]
[TimeControl "180+2"]
[Date "2023.05.31"]
[WhiteClock "0:00:30"]
[BlackClock "0:00:06"]

1. e3 Nf6 2. Nf3 g6 3. b4 Bg7 4. Bb2 O-O 5. a3 d6 6. c4 e5 7. Be2 e4 8. Nd4 c5 9. Nc2 Nc6 10. Nc3 Re8 11. O-O h5 12. d4 exd3 13. Bxd3 Ne5 14. Be2 Be6 15. Nd5 Nxd5 16. cxd5 Bf5 17. Bb5 Re7 18. bxc5 dxc5 19. Kh1 Qb6 20. Rb1 Rd8 21. Bxe5 Bxe5 22. e4 Bxe4 23. Bd3 Qxb1 24. Qxb1 Bxd3 25. Rd1 Rxd5 26. Qa2 Red7 27. Ne3 Bc4 28. Rxd5 Bxa2 29. Rxd7 b5 30. Rxa7 Bd4 31. Rc7 b4 32. axb4 cxb4 33. Nc2 b3 34. Nxd4 b2 35. Rb7 b1=Q+ 36. Rxb1 Bxb1 37. g3 Be4+ 38. f3 Bd5 39. Kg2 Kg7 40. Kf2 Kf6 41. Ke3 Ke5 42. Ne2 g5 43. h4 gxh4 44. gxh4 Kf6 45. Nf4 Bb7 46. Nxh5+ Kg6 47. Ng3 Kf6 48. Kf4 Bc6 49. h5 Bb7 50. Kg4 Bc8+ 51. Kf4 Bb7 52. Ne4+ Kg7 53. Nd6 Bc6 54. Kg5 Bxf3 55. h6+ Kg8 56. Kf6 Kh7 57. Kg5 Bd5 58. Ne8 Be6 59. Nf6+ Kh8 60. Ne4 Kh7 61. Nc5 Bd5 62. Nd3 Be6 63. Nf4 Bc4 64. Ng2 Be6 65. Ne3 Bb3 66. Ng4 Be6 67. Nf6+ Kh8 68. Kf4 Bb3 69. Ke5 Be6 70. Kd6 Ba2 71. Ke7 Be6 72. Kf8 Ba2 73. Ne4 Kh7 0-1


[Site "https://www.chess.com"]

[Event "Titled Tuesday Blitz May 30 Late 2023"]
[White "Moroni, Luca Jr"]
[Black "Kielinkei"]
[WhiteFideId "865834"]
[WhiteElo "2569"]
[BlackElo "2472"]
[Result "1-0"]
[Round "01"]
[TimeControl "180+2"]
[Date "2023.05.31"]
[WhiteClock "0:02:14"]
[BlackClock "0:00:00"]

1. d4 Nf6 2. Nf3 e6 3. Bf4 c5 4. e3 Nd5 5. Bg3 Qb6 6. Qc1 cxd4 7. exd4 Nc6 8. c3 Be7 9. Nbd2 d6 10. Bd3 O-O 11. O-O f5 12. h3 Bd7 13. Re1 Rae8 14. Bh2 a5 15. a3 a4 16. c4 Nf6 17. Qc3 Na5 18. Rac1 Rc8 19. Qb4 1-0


[Site "https://www.chess.com"]

[Event "Titled Tuesday Blitz May 30 Late 2023"]
[White "Seletsky, Grigory"]
[Black "Terry, Renato"]
[WhiteFideId "14112191"]
[BlackFideId "3803457"]
[WhiteElo "2491"]
[BlackElo "2575"]
[Result "0-1"]
[Round "01"]
[TimeControl "180+2"]
[Date "2023.05.31"]
[WhiteClock "0:00:00"]
[BlackClock "0:00:10"]

1. e4 e6 2. d3 d5 3. Nd2 Nf6 4. Ngf3 b6 5. Be2 c5 6. O-O Bb7 7. exd5 Nxd5 8. Nc4 Be7 9. a4 O-O 10. c3 Nd7 11. Re1 Qc7 12. Bf1 Rad8 13. g3 h6 14. Qe2 Bf6 15. Bg2 Rfe8 16. Nfd2 Be7 17. Nf3 Nf8 18. Nfe5 f6 19. Nf3 Qd7 20. Bh3 Nc7 21. Rd1 g5 22. Bg2 Kg7 23. h4 Ng6 24. h5 Nf8 25. Ne1 Bxg2 26. Nxg2 Qc6 27. g4 Rd7 28. Be3 Red8 29. Ne1 a6 30. Qf1 b5 31. axb5 axb5 32. Nd2 Nd5 33. Qg2 Qc7 34. Qf3 Qb7 35. Nf1 Nb6 36. Qxb7 Rxb7 37. Ra5 Na4 38. Rd2 Nd7 39. d4 c4 40. Ng2 Rdb8 41. Rc2 Bd8 42. Ra6 Ndb6 43. Bd2 Kf7 44. Nfe3 Bc7 45. Kf1 Rd8 46. Ke2 Ke7 47. f3 Kd7 48. Be1 Kc8 49. Bf2 Rb8 50. Ra7 Rd7 51. Rxc7+ Rxc7 52. Bg3 Ra8 53. Bxc7 Kxc7 54. f4 Kd6 55. f5 e5 56. dxe5+ Kxe5 57. Kf3 Rd8 58. Re2 Kd6 59. Rd2+ Kc7 60. Rxd8 Kxd8 61. Nd1 Kc7 62. Ke4 Kd6 63. Kd4 Nd7 64. Ne1 Ne5 65. Ne3 Nxb2 66. Nd5 Nxg4 67. Nc2 Nd3 68. Na3 Kc6 69. Ne7+ Kd7 70. Nd5 Kc6 71. Ne7+ Kb6 72. Nd5+ Ka5 73. Nxc4+ bxc4 74. Kxc4 Nf4 0-1


[Site "https://www.chess.com"]

[Event "Titled Tuesday Blitz May 30 Late 2023"]
[White "Xiong, Jeffery"]
[Black "Sanhueza, Cristian"]
[WhiteFideId "2047640"]
[BlackFideId "116815"]
[WhiteElo "2726"]
[BlackElo "2174"]
[Result "1-0"]
[Round "01"]
[TimeControl "180+2"]
[Date "2023.05.31"]
[WhiteClock "0:00:46"]
[BlackClock "0:00:00"]

1. e4 e5 2. Nf3 Nc6 3. Nc3 Nf6 4. d4 exd4 5. Nxd4 Bb4 6. Nxc6 bxc6 7. Bd3 d5 8. exd5 O-O 9. O-O Bg4 10. Ne2 cxd5 11. h3 Bh5 12. c4 c6 13. Qc2 Bg6 14. Be3 Re8 15. a3 Bd6 16. Rad1 Qe7 17. Rfe1 a5 18. Nd4 Qb7 19. cxd5 cxd5 20. Bxg6 hxg6 21. Qc6 Qb8 22. Qb5 Qxb5 23. Nxb5 Be5 24. Bd4 Bxd4 25. Nxd4 a4 26. Kf1 Rxe1+ 27. Kxe1 Rb8 28. Rb1 Ne4 29. b4 axb3 30. Rxb3 Rxb3 31. Nxb3 Kf8 32. f3 Nd6 33. Ke2 Ke7 34. Kd3 Nf5 35. Nd4 Nh4 36. g3 Ng2 37. Ke2 Kd6 38. a4 Kc5 39. a5 f5 40. Kf2 1-0


[Site "https://www.chess.com"]

[Event "Titled Tuesday Blitz May 30 Late 2023"]
[White "LangesNasenhaar"]
[Black "Zhigalko, Sergei"]
[BlackFideId "13502956"]
[WhiteElo "2469"]
[BlackElo "2626"]
[Result "0-1"]
[Round "01"]
[TimeControl "180+2"]
[Date "2023.05.31"]
[WhiteClock "0:00:57"]
[BlackClock "0:01:51"]

1. d4 Nf6 2. Nc3 d5 3. Bf4 a6 4. e3 b5 5. Nf3 Bb7 6. Ne5 e6 7. Bd3 c5 8. O-O c4 9. Be2 Nc6 10. a3 Be7 11. Bf3 O-O 12. Re1 Rc8 13. h3 Nxe5 14. Bxe5 Nd7 15. Bh2 f5 16. Ne2 Nf6 17. Nf4 Qd7 18. c3 Bc6 19. Nh5 Nxh5 20. Bxh5 Bd6 21. Bf4 Qc7 22. g3 Rb8 23. Bxd6 Qxd6 24. f4 a5 25. Rc1 Rb6 26. Rc2 b4 27. axb4 Ba4 28. bxa5 Rxb2 29. Rxb2 Bxd1 30. Rxd1 Qa3 31. Rc2 Rb8 32. Bf3 Qxa5 33. g4 g6 34. Kf2 Rb3 35. Rdc1 Qa3 36. g5 Rb2 37. Bd1 Qxc3 0-1


[Site "https://www.chess.com"]

[Event "Titled Tuesday Blitz May 30 Late 2023"]
[White "Grigoriants, Sergey"]
[Black "Zeman, Matyas"]
[WhiteFideId "4130804"]
[BlackFideId "364398"]
[WhiteElo "2502"]
[BlackElo "2254"]
[Result "1-0"]
[Round "01"]
[TimeControl "180+2"]
[Date "2023.05.31"]
[WhiteClock "0:01:04"]
[BlackClock "0:00:02"]

1. d4 Nf6 2. c4 e6 3. g3 d5 4. Bg2 Bb4+ 5. Bd2 Be7 6. Nf3 O-O 7. O-O Nbd7 8. Qc2 c6 9. Bf4 b6 10. Rd1 Ba6 11. b3 Rc8 12. Nc3 Nh5 13. Bd2 Nhf6 14. e4 dxc4 15. e5 Nd5 16. Ne4 c5 17. Nfg5 h6 18. Nxc5 Bxg5 19. Bxg5 Qxg5 20. Nxa6 Qe7 21. bxc4 Qa3 22. Qb3 Qxa6 23. cxd5 exd5 24. Bxd5 Rcd8 25. Rac1 Qa5 26. Rc7 Qa6 1-0


[Site "https://www.chess.com"]

[Event "Titled Tuesday Blitz May 30 Late 2023"]
[White "Omariev, Maksim"]
[Black "Durarbayli, Vasif"]
[WhiteFideId "4193423"]
[BlackFideId "13402935"]
[WhiteElo "2465"]
[BlackElo "2551"]
[Result "0-1"]
[Round "01"]
[TimeControl "180+2"]
[Date "2023.05.31"]
[WhiteClock "0:00:26"]
[BlackClock "0:02:00"]

1. g4 d5 2. Bg2 c6 3. h3 e5 4. d4 e4 5. c4 h5 6. g5 h4 7. Nc3 Na6 8. cxd5 cxd5 9. Qb3 Nc7 10. Bf4 Bd6 11. Bxd6 Qxd6 12. e3 Ne7 13. Nge2 Rh5 14. O-O-O Rxg5 15. Rhg1 Kf8 16. Kb1 b5 17. Nxb5 Nxb5 18. Qxb5 Ba6 19. Qb7 Bxb7 0-1


[Site "https://www.chess.com"]

[Event "Titled Tuesday Blitz May 30 Late 2023"]
[White "Sanal, Vahap"]
[Black "Estrada Nieto, Julian"]
[WhiteFideId "6300545"]
[BlackFideId "5101018"]
[WhiteElo "2606"]
[BlackElo "2161"]
[Result "1-0"]
[Round "01"]
[TimeControl "180+2"]
[Date "2023.05.31"]
[WhiteClock "0:00:06"]
[BlackClock "0:00:04"]

1. d4 d5 2. Nf3 Nf6 3. c4 dxc4 4. e3 e6 5. Bxc4 c5 6. O-O a6 7. Be2 Nc6 8. Nc3 cxd4 9. exd4 Be7 10. Bg5 O-O 11. Rc1 Nb4 12. a3 Nbd5 13. Ne5 Bd7 14. Bf3 Nxc3 15. bxc3 Rb8 16. Rb1 b5 17. a4 Nd5 18. Bxe7 Qxe7 19. Bxd5 exd5 20. Re1 Qd6 21. axb5 Bxb5 22. Qf3 Rbc8 23. h4 Rc7 24. h5 Rfc8 25. Re3 f6 26. Ng4 h6 27. Rbe1 Bd7 28. g3 a5 29. Nh2 a4 30. Ra1 Re8 31. Nf1 a3 32. Rxe8+ Bxe8 33. Ne3 Rxc3 34. Qe2 Bf7 35. Nf5 Qd7 36. Qg4 Be6 37. Nxh6+ Kh7 38. Qg6+ Kh8 39. Rb1 Rc8 40. g4 gxh6 41. Qxf6+ Qg7 42. Qxe6 Rg8 43. Kf1 a2 44. Ra1 Qxg4 45. Qxh6# 1-0


[Site "https://www.chess.com"]

[Event "Titled Tuesday Blitz May 30 Late 2023"]
[White "Rottenwohrer Suarez, Juan"]
[Black "Remizov, Yaroslav"]
[WhiteFideId "32068182"]
[BlackFideId "34134015"]
[WhiteElo "2174"]
[BlackElo "2400"]
[Result "1-0"]
[Round "01"]
[TimeControl "180+2"]
[Date "2023.05.31"]
[WhiteClock "0:00:05"]
[BlackClock "0:00:04"]

1. d4 d5 2. c4 c6 3. cxd5 cxd5 4. Nc3 a6 5. Bf4 Nc6 6. e3 Nf6 7. Nf3 g6 8. h3 Bg7 9. Bd3 O-O 10. O-O b5 11. a3 Bb7 12. b4 Ne8 13. Qb3 e6 14. a4 bxa4 15. Nxa4 a5 16. Nc5 Bc8 17. bxa5 Rxa5 18. Nb7 Bxb7 19. Qxb7 Rxa1 20. Rxa1 Na5 21. Qb5 Nc4 22. Bxc4 dxc4 23. Qxc4 Nf6 24. Be5 Nd5 25. Bxg7 Kxg7 26. Ne5 Qc7 27. Qxc7 Nxc7 28. Ra7 Nd5 29. g4 h6 30. h4 g5 31. h5 Nc3 32. Kg2 Nb5 33. Rb7 Nd6 34. Rd7 Ne4 35. f3 Nf6 36. Ra7 Nd5 37. Kf2 Nc3 38. f4 gxf4 39. exf4 Nb5 40. Rd7 Nc3 41. Kf3 Nd5 42. g5 hxg5 43. fxg5 Kg8 44. Kg4 Nb6 45. Rb7 Nd5 46. Kg3 Ne3 47. Kf3 Nf5 48. Rd7 Ng7 49. Kg4 Nf5 50. h6 Ne3+ 51. Kh5 Nf5 52. g6 fxg6+ 53. Kxg6 Nh4+ 54. Kh5 Nf5 55. h7+ Kh8 56. Ng6# 1-0


[Site "https://www.chess.com"]

[Event "Titled Tuesday Blitz May 30 Late 2023"]
[White "Rustemov, Alexander"]
[Black "Sztokbant, Bernardo Vainzoff"]
[WhiteFideId "4119002"]
[BlackFideId "2115956"]
[WhiteElo "2865"]
[BlackElo "2222"]
[Result "1-0"]
[Round "01"]
[TimeControl "180+2"]
[Date "2023.05.31"]
[WhiteClock "0:00:52"]
[BlackClock "0:00:02"]

1. d4 Nf6 2. c4 g6 3. Nf3 Bg7 4. g3 O-O 5. Bg2 d5 6. cxd5 Nxd5 7. O-O Nb6 8. Nc3 Nc6 9. e3 e5 10. d5 Ne7 11. e4 f5 12. Qb3 Kh8 13. Ng5 Qe8 14. Nb5 Qd8 15. d6 cxd6 16. Nf7+ Rxf7 17. Qxf7 f4 18. Rd1 Qf8 19. Nxd6 Qxf7 20. Nxf7+ Kg8 21. Ng5 Bf6 22. gxf4 exf4 23. Bxf4 h6 24. Nf3 Bxb2 25. Bxh6 Bxa1 26. Rxa1 Be6 27. Nd4 Bc4 28. a4 Rd8 29. Be3 Nd7 30. Nb5 a6 31. Nd6 Be6 32. Nxb7 Rb8 33. Nc5 Nxc5 34. Bxc5 Nc6 35. f4 Rb2 36. a5 Bc4 37. e5 Nd8 38. Be4 Ne6 39. Be3 Re2 40. Ra3 Nxf4 41. Bf3 Nh3+ 42. Kh1 Re1+ 43. Kg2 Bf1+ 44. Kg3 g5 45. e6 Kf8 46. Bc5+ Kg7 47. Re3 Rxe3 48. Bxe3 Kf6 49. Bg4 Nf4 50. Bxf4 gxf4+ 51. Kxf4 Bc4 52. Ke4 Ke7 53. Ke5 Bb5 54. h4 Bd3 55. h5 Bc2 56. h6 Bd3 57. Bf5 Bxf5 58. Kxf5 Kf8 59. Kf6 Ke8 60. h7 Kd8 61. h8=Q+ 1-0


[Site "https://www.chess.com"]

[Event "Titled Tuesday Blitz May 30 Late 2023"]
[White "Vovk, Orest"]
[Black "Hansen, Eric"]
[WhiteFideId "14113490"]
[BlackFideId "2606771"]
[WhiteElo "2215"]
[BlackElo "2561"]
[Result "1-0"]
[Round "01"]
[TimeControl "180+2"]
[Date "2023.05.31"]
[WhiteClock "0:00:05"]
[BlackClock "0:00:02"]

1. g4 d5 2. Bg2 c6 3. h3 e5 4. d4 exd4 5. Qxd4 Nd7 6. c4 dxc4 7. Nc3 Nb6 8. Qxd8+ Kxd8 9. Nf3 h6 10. O-O Nf6 11. Ne5 Ke8 12. Be3 Be6 13. Bxb6 axb6 14. Nxc6 Bc5 15. Ne5 Rb8 16. Rfd1 Ke7 17. Nd5+ Nxd5 18. Bxd5 b5 19. Bxe6 Kxe6 20. Nd7 Rbc8 21. Nxc5+ Rxc5 22. a3 Ra8 23. Rac1 Rd5 24. Rxd5 Kxd5 25. Rd1+ Kc6 26. Kf1 b4 27. axb4 Ra2 28. Rd2 Kb5 29. Rd7 b6 30. Rxf7 Kxb4 31. Rxg7 Rxb2 32. f4 c3 33. Rc7 Kb3 34. f5 Rb1+ 35. Kf2 c2 36. f6 c1=Q 37. Rxc1 Rxc1 38. h4 Rc8 39. g5 hxg5 40. hxg5 Rf8 41. Ke3 Kc4 42. Ke4 b5 43. Ke5 b4 44. g6 b3 45. g7 Re8+ 46. Kd6 b2 47. f7 Rxe2 48. g8=Q b1=Q 49. f8=Q+ Kc3 50. Qc8+ Kd2 51. Qc5 Re3 52. Qgg5 Qd3+ 53. Qcd5 Kc3 54. Qxd3+ Rxd3+ 55. Kc5 Kc2 56. Qg7 Rc3+ 57. Kb4 Rb3+ 58. Ka4 Re3 59. Qg2+ Kd3 60. Kb4 Re4+ 61. Kc5 Re2 62. Qf3+ Re3 63. Qd1+ Kc3 64. Qd4+ 1-0


[Site "https://www.chess.com"]

[Event "Titled Tuesday Blitz May 30 Late 2023"]
[White "Arencibia Monduy, Antonio"]
[Black "Kravtsiv, Martyn"]
[WhiteFideId "3507939"]
[BlackFideId "14113147"]
[WhiteElo "2458"]
[BlackElo "2695"]
[Result "0-1"]
[Round "01"]
[TimeControl "180+2"]
[Date "2023.05.31"]
[WhiteClock "0:00:00"]
[BlackClock "0:01:04"]

1. e4 c6 2. d4 d5 3. Nc3 dxe4 4. Nxe4 Nf6 5. Nxf6+ exf6 6. Nf3 Bd6 7. Be3 O-O 8. Be2 Re8 9. O-O Nd7 10. c4 Nf8 11. d5 c5 12. b4 Qc7 13. bxc5 Bxc5 14. Bxc5 Qxc5 15. Nd4 b6 16. Nb3 Qd6 17. Bf3 Ng6 18. Rc1 Ba6 19. Re1 Rxe1+ 20. Qxe1 Ne5 21. Be2 g6 22. Qd2 Rc8 23. c5 bxc5 24. Bxa6 Qxa6 25. Rxc5 Rxc5 26. Nxc5 Qd6 27. Ne4 Qb6 28. Qd1 f5 29. Ng3 Ng4 30. Qe1 Qd4 31. h3 Nf6 32. Qa5 f4 33. Nf1 Ne4 34. Qe1 Qxd5 35. Nh2 h5 36. Nf3 g5 37. a3 g4 38. hxg4 hxg4 39. Nh2 g3 40. fxg3 Qd4+ 41. Kf1 Nxg3+ 0-1


[Site "https://www.chess.com"]

[Event "Titled Tuesday Blitz May 30 Late 2023"]
[White "Bazeev, German"]
[Black "MariusBieliauskas"]
[WhiteFideId "24119350"]
[WhiteElo "2466"]
[BlackElo "2454"]
[Result "1/2-1/2"]
[Round "01"]
[TimeControl "180+2"]
[Date "2023.05.31"]
[WhiteClock "0:00:39"]
[BlackClock "0:01:08"]

1. c4 e6 2. d4 Nf6 3. Nf3 d5 4. g3 Bb4+ 5. Bd2 Be7 6. Bg2 c6 7. O-O Nbd7 8. Qc2 O-O 9. b4 b6 10. a4 Bb7 11. Rd1 Ne4 12. Be1 c5 13. dxc5 bxc5 14. b5 Bf6 15. Nc3 Qc7 16. cxd5 exd5 17. Rac1 Nxc3 18. Bxc3 Bxc3 19. Qxc3 Rac8 20. Nd4 Qe5 21. Nb3 d4 22. Qc2 Bxg2 23. Kxg2 Rfe8 24. e3 Qd5+ 25. Kg1 Ne5 26. Nxd4 cxd4 27. Qxc8 Nf3+ 28. Kf1 Nxh2+ 29. Kg1 Nf3+ 30. Kf1 Nh2+ 31. Kg1 Nf3+ 32. Kf1 Nh2+ 1/2-1/2


[Site "https://www.chess.com"]

[Event "Titled Tuesday Blitz May 30 Late 2023"]
[White "Gil Alba, Hector Luis"]
[Black "Hayrapetyan, Hovik"]
[WhiteFideId "3504670"]
[BlackFideId "13302639"]
[WhiteElo "2331"]
[BlackElo "2348"]
[Result "1-0"]
[Round "01"]
[TimeControl "180+2"]
[Date "2023.05.31"]
[WhiteClock "0:01:07"]
[BlackClock "0:00:04"]

1. e4 c5 2. Nf3 d6 3. Bb5+ Nd7 4. O-O a6 5. Bxd7+ Bxd7 6. c3 Nf6 7. Re1 Bc6 8. d4 Bxe4 9. Bg5 Bc6 10. Bxf6 gxf6 11. d5 Bd7 12. Nbd2 Qc7 13. Ne4 O-O-O 14. b4 cxb4 15. cxb4 Kb8 16. a4 Qb6 17. b5 a5 18. Nd4 Bg7 19. Nc6+ bxc6 20. bxc6 Ka8 21. Rb1 Qa7 22. Nc3 e5 23. Rb7 Qc5 24. Nb5 Bxc6 25. dxc6 Qxc6 26. Rc7 Qb6 27. Qd5+ Kb8 28. Rc6 Qb7 29. Nxd6 Qb4 30. Rec1 Rd7 31. Rc8+ Rxc8 32. Rxc8+ Ka7 33. Qa8+ Kb6 34. Rc6# 1-0


[Site "https://www.chess.com"]

[Event "Titled Tuesday Blitz May 30 Late 2023"]
[White "Baidetskyi, Valentin"]
[Black "Jimenez Almeida, Luis David"]
[WhiteFideId "14142317"]
[BlackFideId "22242244"]
[WhiteElo "2490"]
[BlackElo "2245"]
[Result "0-1"]
[Round "01"]
[TimeControl "180+2"]
[Date "2023.05.31"]
[WhiteClock "0:00:01"]
[BlackClock "0:01:22"]

1. e4 c5 2. Nf3 e6 3. d4 cxd4 4. Nxd4 a6 5. c4 Nf6 6. Nc3 Nc6 7. a3 Be7 8. Be3 d5 9. exd5 exd5 10. Be2 O-O 11. O-O dxc4 12. Nxc6 bxc6 13. Bxc4 Bg4 14. Qxd8 Rfxd8 15. h3 Bf5 16. Rfd1 a5 17. Rxd8+ Rxd8 18. Rd1 Rb8 19. Rd2 h6 20. f3 g5 21. g4 Bg6 22. Kg2 Kg7 23. Ba7 Rb7 24. Bd4 Kf8 25. Be5 Nd7 26. Bd4 Bc5 27. Na4 Bxd4 28. Rxd4 Ne5 29. Ba6 Rb8 30. Kg3 Bc2 31. f4 gxf4+ 32. Kxf4 Ng6+ 33. Kg3 Bxa4 34. Rxa4 Rb3+ 35. Kh2 Rxb2+ 36. Kg3 Rb3+ 37. Kh2 Kg7 38. Rxa5 Nf4 39. Bf1 Rb1 40. Kg1 Nxh3+ 41. Kg2 Nf4+ 42. Kf2 Ne6 43. Re5 Ra1 44. Re3 Kf6 45. Kg3 Ng5 46. Be2 c5 47. Kf2 Ra2 48. Kg3 Ne6 49. Kf2 Nd4 50. Ke1 Nc2+ 0-1


[Site "https://www.chess.com"]

[Event "Titled Tuesday Blitz May 30 Late 2023"]
[White "Goncalves, Davi Sulzbacher"]
[Black "Mitrabha, Guha"]
[WhiteFideId "2154510"]
[BlackFideId "5057000"]
[WhiteElo "2182"]
[BlackElo "2507"]
[Result "1-0"]
[Round "01"]
[TimeControl "180+2"]
[Date "2023.05.31"]
[WhiteClock "0:00:07"]
[BlackClock "0:00:49"]

1. Nf3 g6 2. d4 Bg7 3. g3 d6 4. Bg2 Nc6 5. O-O Bd7 6. e4 Qc8 7. Re1 Bh3 8. Bh1 h5 9. Bg5 Nf6 10. e5 Ng4 11. exd6 cxd6 12. c3 Qd7 13. Nbd2 O-O 14. Qe2 Rae8 15. Ne4 Qf5 16. Nh4 Qa5 17. Bd2 e5 18. Ng5 Qd8 19. Nxh3 exd4 20. Qb5 Qf6 21. Bg5 Re5 22. Bxf6 Rxb5 23. Bxg7 Kxg7 24. Bxc6 bxc6 25. cxd4 Rxb2 26. Reb1 Rd2 27. Rd1 Rb2 28. Ng2 Rfb8 29. Ne3 Nf6 30. Nf4 Ne4 31. Nd3 R2b5 32. Nc4 Rd5 33. Nf4 Rf5 34. f3 Nc3 35. Nxd6 Ra5 36. Rdc1 Nxa2 37. Rc2 Nb4 38. Rxa5 Nxc2 39. Rxa7 Nxd4 40. Rxf7+ Kh6 41. Rf6 Nxf3+ 42. Kf2 Ne5 43. Re6 Rb2+ 44. Ke1 Nf3+ 45. Kd1 Kh7 46. Rxg6 Rxh2 47. Nf5 Ne5 48. Rg7+ Kh8 49. Re7 Rh1+ 50. Kc2 h4 51. Rxe5 h3 52. Re8+ Kh7 53. Re7+ Kg8 54. Rg7+ Kf8 55. Ne6+ Ke8 56. Re7# 1-0


[Site "https://www.chess.com"]

[Event "Titled Tuesday Blitz May 30 Late 2023"]
[White "Mahdavi, Reza"]
[Black "Perez Rodriguez, Jennifer"]
[WhiteFideId "12595926"]
[BlackFideId "3507831"]
[WhiteElo "2352"]
[BlackElo "2116"]
[Result "1-0"]
[Round "01"]
[TimeControl "180+2"]
[Date "2023.05.31"]
[WhiteClock "0:00:09"]
[BlackClock "0:00:00"]

1. e4 e5 2. Nf3 Nc6 3. Bc4 Nf6 4. d3 Bc5 5. O-O d6 6. c3 a6 7. a4 O-O 8. Re1 h6 9. h3 Re8 10. b4 Ba7 11. Be3 Be6 12. Bxa7 Rxa7 13. Nbd2 d5 14. exd5 Bxd5 15. Qb3 Ra8 16. Re2 Bxc4 17. Qxc4 Qd5 18. Rae1 Rad8 19. Re3 Kf8 20. b5 axb5 21. axb5 Qxc4 22. dxc4 Na7 23. Rxe5 Rxe5 24. Rxe5 Nc8 25. c5 Nd5 26. c4 Nf4 27. Nb3 Rd1+ 28. Kh2 Ne7 29. Re4 Nd3 30. Kg3 Rb1 31. Nfd2 Rb2 32. Kf3 Ng6 33. Rd4 Nde5+ 34. Kg3 Ke7 35. f4 Nd7 36. Rd3 f5 37. Nf3 Nf6 38. Nbd4 Nh5+ 39. Kh2 Nhxf4 40. Rd2 Rxd2 41. Nxd2 Kf6 42. c6 bxc6 43. Nxc6 Ne5 44. Nb4 Nfd3 45. Nd5+ Ke6 46. Nxc7+ Kd6 47. Ne8+ Kc5 48. Nxg7 Kd4 49. Nxf5+ Kc3 50. Nf3 Nxc4 51. Nxh6 Kb4 52. Nd4 Kc5 53. Nhf5 Nde5 54. g4 Nb6 55. Kg3 Nd5 56. h4 1-0


[Site "https://www.chess.com"]

[Event "Titled Tuesday Blitz May 30 Late 2023"]
[White "Le Goff, Ronan"]
[Black "Gorovets, Andrey"]
[WhiteFideId "612073"]
[BlackFideId "13504037"]
[WhiteElo "2275"]
[BlackElo "2459"]
[Result "0-1"]
[Round "01"]
[TimeControl "180+2"]
[Date "2023.05.31"]
[WhiteClock "0:00:06"]
[BlackClock "0:00:16"]

1. d4 f5 2. e4 fxe4 3. Nc3 Nf6 4. Bg5 Nc6 5. d5 Ne5 6. f3 exf3 7. Nxf3 Nf7 8. h4 g6 9. Bd3 Bg7 10. Qe2 c6 11. O-O-O O-O 12. h5 Nxg5 13. Nxg5 h6 14. Nge4 Nxd5 15. hxg6 Nxc3 16. Nxc3 d5 17. Rdf1 e5 18. Rxf8+ Qxf8 19. Rf1 Qe7 20. Rf7 Qg5+ 21. Kb1 Be6 22. Rxb7 e4 23. Ba6 Qxg6 24. a4 Bg4 25. Qf2 e3 26. Qxe3 d4 27. Qe4 Bf5 28. Rxg7+ Kxg7 29. Qxd4+ Qf6 30. Qb4 Re8 31. Bc4 Re1+ 32. Ka2 Be6 33. Bb3 Bxb3+ 34. cxb3 Re7 35. Qg4+ Qg6 36. Qd4+ Kh7 37. Qc5 Rg7 38. a5 Qxg2 39. a6 Qg6 40. b4 h5 41. Ne2 Qe6+ 42. Ka1 Qxe2 43. Qxh5+ Qxh5 0-1


[Site "https://www.chess.com"]

[Event "Titled Tuesday Blitz May 30 Late 2023"]
[White "Bryakin, Mikhail"]
[Black "Buchenau, Frank"]
[WhiteFideId "4165314"]
[BlackFideId "4604350"]
[WhiteElo "2467"]
[BlackElo "2157"]
[Result "1-0"]
[Round "01"]
[TimeControl "180+2"]
[Date "2023.05.31"]
[WhiteClock "0:00:30"]
[BlackClock "0:00:05"]

1. e4 e6 2. d4 d5 3. Nc3 Nf6 4. Bg5 dxe4 5. Nxe4 Be7 6. Bxf6 gxf6 7. Nf3 f5 8. Nc3 a6 9. g3 b5 10. Bg2 Bb7 11. O-O O-O 12. Qe2 c5 13. Rad1 cxd4 14. Nxd4 Qc7 15. Nxe6 fxe6 16. Qxe6+ Kg7 17. Bxb7 Qxb7 18. Nd5 Bd8 19. Nf4 Qf7 20. Rfe1 Bc7 21. Nd5 Qxe6 22. Rxe6 Bd8 23. Nf4 Bg5 24. Nh5+ Kf7 25. Red6 Ra7 26. h4 Be7 27. R6d5 Kg8 28. Nf4 Nc6 29. c3 Rd8 30. Ne6 Rxd5 31. Rxd5 Kf7 32. Nf4 Kf6 33. Nh5+ Ke6 34. Nf4+ Kf6 35. Kg2 Rc7 36. Rd1 Ne5 37. Nd5+ 1-0


[Site "https://www.chess.com"]

[Event "Titled Tuesday Blitz May 30 Late 2023"]
[White "Deviprasath, Sharvesh"]
[Black "Jarovinsky, Alexey"]
[WhiteFideId "30938228"]
[BlackFideId "14115131"]
[WhiteElo "2168"]
[BlackElo "2446"]
[Result "1-0"]
[Round "01"]
[TimeControl "180+2"]
[Date "2023.05.31"]
[WhiteClock "0:00:29"]
[BlackClock "0:00:00"]

1. Nf3 Nc6 2. e4 d6 3. g3 Nf6 4. d3 g6 5. Bg2 Bg7 6. O-O O-O 7. Nc3 Bd7 8. Bd2 Qc8 9. Qc1 Bh3 10. Bh6 Bxg2 11. Kxg2 e6 12. Bxg7 Kxg7 13. Re1 Qd7 14. d4 e5 15. Qd2 Rae8 16. Rad1 Kg8 17. dxe5 Nxe5 18. Nxe5 Rxe5 19. f4 Rh5 20. h4 Qg4 21. Qe2 Rxh4 22. Qxg4 Rxg4 23. Kf3 h5 24. Nd5 Nxd5 25. exd5 Rc8 26. Re7 f5 27. Rde1 h4 28. gxh4 Rxh4 29. R1e6 Rh6 30. Rd7 Rh7 31. Rxg6+ Kh8 32. Rxh7+ Kxh7 33. Rf6 Kg7 34. Rxf5 c6 35. c3 c5 36. Kg4 b5 37. Kg5 Re8 38. Rf6 Re2 39. Rxd6 Rxb2 40. Rd7+ Kf8 41. Rxa7 Rd2 42. f5 Rxd5 43. Kg6 Rd3 44. Rb7 Rxc3 45. Kf6 Ke8 46. Rxb5 Kd7 47. a4 Kc6 48. Ra5 Ra3 49. Ra8 Kb7 50. Ra5 Kb6 51. Ra8 Kb7 52. Rd8 Rxa4 53. Kg7 Rg4+ 54. Kh6 Rf4 55. Kg6 Rf1 56. f6 Kb6 57. f7 c4 58. f8=Q Rxf8 59. Rxf8 Kb5 60. Kf5 c3 61. Ke4 Kc4 62. Rc8+ Kb3 63. Kd3 1-0


[Site "https://www.chess.com"]

[Event "Titled Tuesday Blitz May 30 Late 2023"]
[White "Petrosyan, Manuel"]
[Black "Petrovic, Aleksa"]
[WhiteFideId "13300857"]
[BlackFideId "967629"]
[WhiteElo "2576"]
[BlackElo "2309"]
[Result "1-0"]
[Round "01"]
[TimeControl "180+2"]
[Date "2023.05.31"]
[WhiteClock "0:01:39"]
[BlackClock "0:02:00"]

1. e4 d5 2. exd5 Qxd5 3. Nc3 Qe5+ 4. Be2 Bg4 5. d4 Bxe2 6. Ngxe2 Qa5 7. O-O c6 8. b4 Qd8 9. b5 cxb5 10. Nxb5 Nf6 11. c4 a6 12. Nbc3 g6 13. Rb1 Qc8 14. Qb3 Ra7 15. Qb6 1-0


[Site "https://www.chess.com"]